 Dungeon Crawl Stone Soup version 0.16-a0-3758-g7fc8210 (console) character file.

161 MarvinPA the Insei (level 5, 21/26 HPs)
             Began as a Vine Stalker Transmuter on Jan 23, 2015.
             Was an Initiate of Ru.
             Quit the game on level 3 of the Dungeon.
             The game lasted 00:04:47 (2124 turns).

MarvinPA the Insei (Vine Stalker Transmuter)        Turns: 2124, Time: 00:04:47

Health: 21/26      AC:  2    Str: 13    XL:     5   Next: 42%
Magic:  5/11       EV: 21    Int: 14    God:    Ru [......]
Gold:   187        SH:  0    Dex: 19    Spells: 3 memorised, 2 levels left

rFire  . . .     SeeInvis .       - Unarmed
rCold  . . .     Clarity  .     c - melded +0 robe
rNeg   + . .     SustAb   .     (shield currently unavailable)
rPois  x         Gourm    .     (helmet currently unavailable)
rElec  .         Spirit   +     (cloak currently unavailable)
rCorr  .         Warding  .     (gloves currently unavailable)
rMut   .         Stasis   .     (boots currently unavailable)
MR     .....                    (no amulet)
Stlth  ++........               t - +2 ring of evasion
                                q - ring of positive energy

@: spider-form (expiring), very slightly contaminated, not resistant to hostile
enchantments, unstealthy
A: (fangs 0), regeneration 1, magic shield, (antimagic bite), no device heal 3,
rot immunity
a: End Transformation, Renounce Religion


You were on level 3 of the Dungeon.
You worshipped Ru.
Ru was noncommittal.
You were not hungry.
You were a venomous arachnid creature.
You visited 1 branch of the dungeon, and saw 4 of its levels.

You collected 187 gold pieces.


Innate Abilities, Weirdness & Mutations

((You have extremely sharp teeth.))
Your natural rate of healing is unusually fast.
When hurt, damage is shared between your health and your magic reserves.
((Your bite disrupts and absorbs the magic of your enemies.))
Potions and wands cannot restore your health.
You are immune to rotting.


   Skills:
 - Level 1.9 Fighting
 - Level 1.5 Dodging
 + Level 4.6 Unarmed Combat
 - Level 2.1 Spellcasting
 + Level 3.5 Transmutations


You had 2 spell levels left.
You knew the following spells:

 Your Spells              Type           Power        Failure   Level  Hunger
x - Spider Form           Trmt/Pois      #.........   61%         3    ###....
z - Beastly Appendage     Trmt           ##....       17%         1    #......
Z - Sticks to Snakes      Trmt           ##........   24%         2    ###....

Inventory:

Missiles
 b - 39 arrows
Armour
 c - a +0 robe (melded)
Jewellery
 q - a ring of positive energy (left front leg)
 t - a +2 ring of evasion (right front leg)
Scrolls
 e - 2 scrolls of identify {unknown}
 g - a scroll of blinking {unknown}
 h - a scroll of fear {unknown}
 i - a scroll of magic mapping {unknown}
 k - a scroll of teleportation {unknown}
 n - 2 scrolls of enchant armour {unknown}
 o - a scroll of remove curse {unknown}
 s - a scroll of amnesia {unknown}
 x - a scroll of noise {unknown}
 y - a scroll of enchant weapon {unknown}
 A - a scroll of fog {unknown}
Potions
 f - a potion of magic {unknown}
 j - a potion of flight {unknown}
 l - a potion of haste {unknown}
 v - a potion of brilliance {unknown}
 w - a potion of resistance {unknown}
 z - a potion of heal wounds {unknown}
 C - a potion of poison {unknown}
 D - a potion of curing {unknown}
Books
 d - a book of Changes
 u - a book of Annihilations {highlevel, unknown}
Comestibles
 a - 2 bread rations
 m - a meat ration
 p - a beef jerky
 r - a royal jelly

Dungeon Overview and Level Annotations

Branches:
Dungeon (4/15)
 Temple: D:4-7

Altars:
Fedhas
Kikubaaqudgha
Okawaru
Ru
Trog
Vehumet
Xom

....#...##. #.. .#
.#......... #.# #.
.#>.....##.# #.# . #
.#.###.###.## #.# .# ..
.......##...# #.##.#.#
...######...#
#KJ....#.#. ...# #...#
#gg........ #.##
#...#####g##.#..##. #.#
#...#...s(.# #
..#######)..#.###..#
..#................#
.....................
..#...................
).##.####...#.####.##.#
.###.# #...#... .# .
.###.# #...##### ##
.....# #...#


You could see an ooze, 2 gnolls, a hobgoblin and a kobold.


Message History

The rat is severely wounded.
The rat completely misses you. The gnoll hits you but does no damage.
You bite the rat!
You kill the rat!
The gnoll closely misses you.
You bite the gnoll!
The gnoll is heavily wounded.
The gnoll completely misses you.
You hit the gnoll.
The gnoll is poisoned.
You bite the gnoll, but do no damage.
The gnoll is heavily wounded.
Your transformation is almost over.
The gnoll closely misses you. The gnoll completely misses you.
An ooze comes into view.
You hit the gnoll.
The gnoll looks even sicker.
The gnoll is severely wounded.
You kill the gnoll!
The gnoll misses you. The gnoll hits you. The gnoll hits you with a spear.
Things that are here:
a whip; a gnoll corpse You bite the gnoll!
The gnoll is poisoned.
The gnoll is heavily wounded.
The gnoll closely misses you. The gnoll barely misses you.
You barely miss the gnoll. The gnoll closely misses you.
The gnoll completely misses you. The gnoll barely misses you.
You hit the gnoll.
The gnoll looks even sicker.
The gnoll is almost dead.
The gnoll barely misses you.
Are you sure you want to abandon this character and quit the game? (Confirm with "yes".)

Action                   |  1- 3 |  4- 6 || total
-------------------------+-------+-------++-------
Melee: Unarmed           |    88 |    62 ||   150
 Cast: Beastly Appendage |    18 |     3 ||    21
       Sticks to Snakes  |     5 |       ||     5
       Spider Form       |       |     5 ||     5
 Abil: End Transformatio |       |     3 ||     3
  Eat: Chunk             |     3 |     3 ||     6

Vault maps used:
D:1:      onia_arrival_mini_maze
D:2:      grunt_temple_overflow_open
D:3:      uniq_robin
D:4:      evilmike_ruin_ashenzari, first_bread, st_stairs_4,
          minmay_misc_feat_diagonals, minmay_crossroads

Notes
Turn   | Place    | Note
--------------------------------------------------------------
     0 | D:1      | MarvinPA, the Vine Stalker Transmuter, began the quest for the Orb.
     0 | D:1      | Reached XP level 1. HP: 9/9 MP: 3/3
    29 | D:1      | Reached skill level 1 in Fighting
   244 | D:1      | Reached XP level 2. HP: 14/14 MP: 3/5
   268 | D:1      | Learned a level 2 spell: Sticks to Snakes
  1030 | D:2      | Reached XP level 3. HP: 7/18 MP: 1/7
  1136 | D:2      | Found an ancient bone altar of Kikubaaqudgha.
  1137 | D:2      | Found a sacrificial altar of Ru.
  1139 | D:2      | Found a radiant altar of Vehumet.
  1139 | D:2      | Found an iron altar of Okawaru.
  1142 | D:2      | Found a shimmering altar of Xom.
  1142 | D:2      | Found a blossoming altar of Fedhas.
  1142 | D:2      | Found a bloodstained altar of Trog.
  1149 | D:2      | Became a worshipper of Ru the Awakened
  1195 | D:2      | Learned a level 3 spell: Spider Form
  1535 | D:1      | Noticed an ogre
  1560 | D:1      | Killed an ogre
  1560 | D:1      | Reached skill level 4 in Unarmed Combat
  1560 | D:1      | Reached XP level 4. HP: 23/23 MP: 1/8
  1648 | D:2      | You fall through a shaft for 2 floors!
  1671 | D:4      | Reached skill level 3 in Transmutations
  1671 | D:4      | Reached XP level 5. HP: 26/26 MP: 6/11
  2124 | D:3      | Quit the game

Vanquished Creatures
  A hound (D:4)
  A gnoll (D:3)
  An adder (D:3)
  3 worms
  An orc (D:3)
  A ball python (D:3)
  13 bats
  A giant cockroach (D:1)
  2 hobgoblins
  7 kobolds
  3 giant newts (D:1)
  5 goblins
  2 jackals (D:1)
  4 rats
45 creatures vanquished.

Vanquished Creatures (collateral kills)
  An ogre (D:1)
  An adder (D:2)
  A bat (D:2)
3 creatures vanquished.

Grand Total: 48 creatures vanquished
